 Dungeon Crawl Stone Soup version 0.31.0-12-g77e489cdc1 (webtiles) character file.

Game seed: 1645910929824005687

88 Marvel the Shield-Bearer (level 4, -2/29 HPs)
             Began as a Gargoyle Fighter on Feb 17, 2024.
             Killed by nerve-wracking pain
             ... invoked by Grinder
              (5 damage)
             ... on level 3 of the Dungeon.
             The game lasted 00:02:27 (2223 turns).

Marvel the Shield-Bearer (Gargoyle Fighter)         Turns: 2223, Time: 00:02:27

Health: -2/29      AC: 11    Str: 21    XL:     4   Next: 54%
Magic:  4/4        EV:  9    Int:  9    God:
Gold:   54         SH:  4    Dex:  9    Spells: 3/3 levels left

rFire   . . .        j - +2 mace (heavy)
rCold   . . .        c - +0 buckler
rNeg    + . .        b - +0 scale mail
rPois   ∞            (no helmet)
rElec   +            (no cloak)
rCorr   .            (no gloves)
SInv    .            q - +0 pair of boots
Will    .....        (no amulet) Stlth
                     (no ring)
HPRegen 0.24/turn    (no ring)
MPRegen 0.09/turn

%: no passive effects
@: no status effects
A: sickness immunity, AC +3, negative energy resistance 1, electricity
resistance, torment resistance 1, petrification resistance
a: no special abilities


You were on level 3 of the Dungeon.
You visited 1 branch of the dungeon, and saw 3 of its levels.

You collected 54 gold pieces.

Inventory:

Hand Weapons
 a - a +0 flail
 j - a +2 heavy mace (weapon)
Armour
 b - a +0 scale mail (worn)
 c - a +0 buckler (worn)
 q - a +0 pair of boots (worn)
Scrolls
 f - 2 scrolls of amnesia {unknown}
 g - 3 scrolls of brand weapon {unknown}
 i - 7 scrolls of identify {unknown}
 k - a scroll of immolation {unknown}
 l - 2 scrolls of fear {unknown}
 m - a scroll of silence
 o - a scroll of enchant weapon {unknown}
 u - a scroll of poison {unknown}
 v - 2 scrolls of teleportation {unknown}
Potions
 d - a potion of might
 e - a potion of attraction {unknown}
 h - 2 potions of resistance {unknown}
 n - a potion of experience {unknown}
 p - a potion of heal wounds {unknown}
 r - a potion of brilliance {unknown}
 s - a potion of mutation {unknown}
 t - a potion of invisibility {unknown}


   Skills:
 + Level 3.9 Fighting
 + Level 3.0 Maces & Flails
 + Level 3.9 Armour
 + Level 4.0 Shields


You had 3 spell levels left.
You didn't know any spells.
Your spell library was empty.

Dungeon Overview and Level Annotations

Branches:
Dungeon (3/15)

Altars:

Annotations:
D:3 1 runed translucent door, Grinder


Innate Abilities, Weirdness & Mutations

You are immune to sickness and miasma.
Your stone body is resilient. (AC +3)
You are immune to poison.
You resist negative energy. (rN+)
You are resistant to electric shocks. (rElec)
You are resistant to unholy torment.
You are immune to petrification.


Message History

Grinder misses you.
You hit Grinder.
Grinder is lightly wounded.
Grinder says, "I used to sell toenails on the black market."
Grinder barely misses you. Grinder hits you!
You writhe in agony.
You are too injured to fight recklessly!
You are too injured to fight recklessly!
You are too injured to fight recklessly!
You hit Grinder.
Grinder is lightly wounded.
Grinder hits you. Grinder closely misses you.
You sock Grinder!
Grinder is heavily wounded.
You block Grinder's attack.
Grinder says, "I used to sell toenails on the black market."
Grinder hits you.
You writhe in agony.
You hit Grinder.
Grinder is heavily wounded.
Grinder closely misses you. Grinder barely misses you.
You barely miss Grinder.
Grinder is heavily wounded.
Grinder hits you but does no damage.
You thump Grinder!
Grinder is almost dead.
Grinder hits you.
You writhe in agony.
* * * LOW HITPOINT WARNING * * *
Grinder blinks!
You closely miss Grinder.
Grinder is almost dead.
Grinder gestures at you.
You barely resist. Grinder gestures at you. Pain shoots through your body!
* * * LOW HITPOINT WARNING * * *
You hit Grinder.
Grinder is almost dead.
Grinder gestures at you. Pain shoots through your body!
You die...
Grinder sighs, "Dead already?
I want a refund."

##########...#
........##...#
.........#...# #
#########.#...#
#.#.)...$##..(..#
#.##.):# #.....#
#..##†#####...###
#...#'#......##
+#...@....##..#
##.....5..###..#
#.........#.#..#
..........#')#..#
##.........#.#..#
##........###..#
+#........##..#
#...#'#.....#
#..##.#####.#


You could see Grinder.

Vanquished Creatures
  2 adders (D:2)
  3 dart slugs
  5 orcs (D:3)
  2 ball pythons (D:2)
  6 endoplasms
  4 giant cockroaches
  2 hobgoblins
  A quokka (D:2)
  8 bats
  4 frilled lizards (D:1)
  7 goblins
  4 kobolds
  10 rats
58 creatures vanquished.

Notes
Turn   | Place    | Note
-------+----------+-------------------------------------------
     0 | D:1      | Marvel the Gargoyle Fighter began the quest for the Orb.
     0 | D:1      | Reached XP level 1. HP: 14/14 MP: 1/1
   102 | D:1      | Reached XP level 2. HP: 19/19 MP: 2/2
   453 | D:1      | Found a faded altar of an unknown god.
   509 | D:1      | Reached XP level 3. HP: 17/23 MP: 3/3
  1275 | D:2      | Reached XP level 4. HP: 29/29 MP: 4/4
  2043 | D:3      | Reached skill level 4 in Shields
  2105 | D:3      | Found a runed translucent door.
  2202 | D:3      | Noticed Grinder
  2223 | D:3      | Killed from afar by Grinder

Illustrated notes

Levels and vault maps discovered:
D:1:      wheals_arrival_shading, layout_loops_corners,
          shapermc_ecumenical_altar_flowoftime
D:2:      layout_basic, grunt_decor_arrowhead, amethyst_killhole,
          kennysheep_generic_room_3
D:3:      layout_rooms, ebering_ghost_sewer_f, roderic_lattice_a,
          minmay_pentangle, uniq_terence, uniq_ijyb, uniq_grinder

Skill      XL: |  1  2  3  4 |
---------------+-------------+-----
Maces & Flails | 3 |  3.0
Shields        | 4 |  4.0
Fighting       | |  3.9
Armour         | |  3.9

Action                     |  1- 3 |  4- 6 || total
---------------------------+-------+-------++-------
  Melee: Flail             |    47 |       ||    47
         Mace              |    81 |    55 ||   136
    Use: Scroll            |       |     2 ||     2
 Armour: Scale mail        |   131 |    60 ||   191
  Dodge: Dodged            |    92 |    48 ||   140
  Block: Buckler           |    37 |    25 ||    62
